 Dungeon Crawl Stone Soup version 0.26-a0-18-g135ff06667 (webtiles) character file.

Game seed: 10711595434066114474, levelgen mode: deterministic

212 DerDa the Chiller (level 5, -8/35 HPs)
             Began as a Merfolk Ice Elementalist on May 25, 2020.
             Mangled by Sigmund
             ... wielding a +0 scythe
              (12 damage)
             ... on level 4 of the Dungeon.
             The game lasted 00:05:10 (2922 turns).

DerDa the Chiller (Merfolk Ice Elementalist)        Turns: 2922, Time: 00:05:11

Health: -8/35      AC:  2    Str:  8    XL:     5   Next: 89%
Magic:  9/10       EV: 14    Int: 15    God:
Gold:   112        SH:  0    Dex: 15    Spells: 4/11 levels left

rFire    . . .     SeeInvis .   k - +3 short sword (vamp)
rCold    . . .     Gourm    .   (no shield)
rNeg     . . .     Faith    .   a - +0 robe
rPois    .         Spirit   .   (no helmet)
rElec    .         Reflect  .   (no cloak)
rCorr    .         Harm     .   (no gloves)
MR       .....                  (no boots)
Stlth    ++........             (no amulet)
HPRegen  0.11/turn              (no ring)
MPRegen  0.12/turn              (no ring)

@: brilliant
A: change form in water, swift swim, stealthy swim
a: no special abilities


You were on level 4 of the Dungeon.
You were not hungry.

You visited 1 branch of the dungeon, and saw 3 of its levels.

You collected 112 gold pieces.

Inventory:

Hand Weapons
 k - a +3 vampiric short sword (weapon)
Armour
 a - a +0 robe (worn)
Scrolls
 b - a scroll of noise {unknown}
 d - 2 scrolls of identify {unknown}
 e - 2 scrolls of remove curse {unknown}
 f - a scroll of immolation {unknown}
 h - a scroll of teleportation {unknown}
Potions
 i - a potion of haste {unknown}
 j - 2 potions of brilliance
Comestibles
 c - 4 rations
 g - a chunk of flesh


   Skills:
 + Level 4.1 Dodging
 - Level 2.1 Stealth
 * Level 3.7 Spellcasting
 * Level 5.9 Ice Magic


You had 4 spell levels left.
You knew the following spells:

 Your Spells              Type           Power        Failure   Level  Hunger
a - Freeze                Ice            ####         1%          1    None
b - Frozen Ramparts       Ice            ####..       4%          3    None
c - Ozocubu's Armour      Chrm/Ice       ###.....     17%         3    None

Your spell library contained the following spells:

 Spells                   Type           Power        Failure   Level  Hunger
 Hailstorm                Conj/Ice       ###.....     50%         4    None
 Summon Ice Beast         Ice/Summ       ###.....     50%         4    None


Dungeon Overview and Level Annotations

Branches:
Dungeon (2/15)

Altars:
Yredelemnul

Annotations:
D:4 Sigmund


Message History

You hear some strange, mumbled words.
You are more confused.
You hear a zap.
A puff of flame appears from out of thin air!
The puff of flame hits you.
You bump into the rock wall.
Something hits you.
* * * LOW HITPOINT WARNING * * *
You bump into the rock wall.
You bump into the rock wall.
Something barely misses you.
Unknown command.
You bump into the rock wall.
You feel less confused.
You hear some strange, mumbled words.
A puff of flame appears from out of thin air!
The puff of flame hits you!
* * * LOW HITPOINT WARNING * * *
It was a potion of brilliance.
You feel clever all of a sudden. Something hits you!
You die...

... ## #.# #..#
#.##.# #..# ....#
##?.# #..# #... #
#..# #<.# ## #. #..#
#..# ..
####.##..###..###.#
#............{.@..#
#.<..#..#####รท#####
#### #.## #........
# ####.# ######### #
#....# ## #.#### .#
#.# . .# #.# ###
############### #.
.# #.# #.#
#.............# #.


There were no monsters in sight!

Vanquished Creatures
  2 orc wizards (D:4)
  Jessica (D:2)
  An iguana (D:4)
  A worker ant (D:4)
  A howler monkey skeleton (D:4)
  2 adders (D:4)
  An adder skeleton (D:4)
  2 dart slugs (D:1)
  A leopard gecko (D:2)
  4 orcs (D:4)
  3 giant cockroaches
  3 hobgoblins
  4 jackals (D:1)
  A quokka (D:2)
  A ball python skeleton (D:4)
  4 bats
  5 frilled lizards
  A goblin (D:2)
  5 kobolds
  2 rats (D:1)
  A spectral orc (D:2)
46 creatures vanquished.

Notes
Turn   | Place    | Note
-------+----------+-------------------------------------------
     0 | D:1      | DerDa the Merfolk Ice Elementalist began the quest for the
                  | Orb.
     0 | D:1      | Reached XP level 1. HP: 13/13 MP: 3/3
   279 | D:1      | Reached XP level 2. HP: 19/19 MP: 0/5
   953 | D:1      | Reached XP level 3. HP: 23/24 MP: 3/6
  1508 | D:2      | Noticed Jessica
  1514 | D:2      | Killed Jessica
  1514 | D:2      | Reached skill level 5 in Ice Magic
  1522 | D:2      | Learned a level 3 spell: Frozen Ramparts
  1526 | D:2      | Learned a level 3 spell: Ozocubu's Armour
  1651 | D:2      | Reached XP level 4. HP: 30/30 MP: 6/8
  1689 | D:2      | Found a basalt altar of Yredelemnul.
  2012 | D:2      | You fall into a shaft and drop 2 floors!
  2237 | D:4      | Reached XP level 5. HP: 12/35 MP: 4/9
  2697 | D:4      | Noticed Sigmund
  2922 | D:4      | Mangled by Sigmund

Illustrated notes

Levels and vault maps discovered:
D:1:      minmay_arrival_jagged, layout_loops_cross
D:2:      layout_loops_corners, yredelemnul_forgotten_temple_becter,
          small_statue_intersection, minmay_misc_feat_plants,
          kennysheep_cluttered_room, st_stairs_3, minmay_worlds_worst_comb,
          uniq_jessica
D:4:      layout_loops_ring, kennysheep_mini, nicolae_tso_carved_into_rock,
          uniq_crazy_yiuf_cottage, uniq_duvessa, uniq_sigmund,
          uniq_blork_the_orc

Skill      XL: |  1  2  3  4  5 |
---------------+----------------+-----
Dodging        | 3 4 |  4.1
Ice Magic      | 5 |  5.9
Spellcasting   | 3 |  3.7
Stealth        | |  2.1

Action                   |  1- 3 |  4- 6 || total
-------------------------+-------+-------++-------
Melee: Unarmed           |    33 |       ||    33
       Club              |     1 |       ||     1
       Short sword       |     4 |    19 ||    23
 Cast: Freeze            |    42 |    25 ||    67
       Ozocubu's Armour  |       |     2 ||     2
       Frozen Ramparts   |       |     2 ||     2
  Use: Potion            |       |     1 ||     1
 Stab: Sleeping          |       |     2 ||     2
  Eat: Chunk             |     3 |     4 ||     7
Armor: Robe              |    19 |     8 ||    27
Dodge: Dodged            |    50 |    19 ||    69

Table legend:
 A = Non-vault XP
 B = Vault XP
 C = Vault XP percentage of total XP
 D = Non-vault monster count
 E = Vault monster count
 F = Vault count percentage of total count
                 A         B        C        D         E       F
            +---------+---------+-------+---------+---------+-------
      Total |     259 |      44 |  14.5 |      40 |       6 |  13.0
            +---------+---------+-------+---------+---------+-------
        D:1 |      34 |       0 |   0.0 |      19 |       0 |   0.0
        D:2 |      13 |      44 |  77.2 |       8 |       6 |  42.9
        D:4 |     212 |       0 |   0.0 |      13 |       0 |   0.0
            +---------+---------+-------+---------+---------+-------
